 Dungeon Crawl Stone Soup version 0.31-a0-1388-g4b2ba238e7 (webtiles) character file.

Game seed: 7335949589367352426

191 MisterAzrael the Trooper (level 5, 0/47 HPs)
             Began as a Hill Orc Fighter on Dec 24, 2023.
             Slain by Pikel
             ... wielding a +2 whip of flaming
              (2 damage)
             ... on level 4 of the Dungeon.
             The game lasted 00:03:31 (2538 turns).

MisterAzrael the Trooper (Hill Orc Fighter)         Turns: 2538, Time: 00:03:32

Health: 0/47       AC:  9    Str: 21    XL:     5   Next: 70%
Magic:  5/5        EV:  9    Int:  8    God:
Gold:   175        SH:  9    Dex: 10    Spells: 4/4 levels left

rFire   . . .        a - +0 war axe
rCold   . . .        c - +0 buckler
rNeg    . . .        b - +0 scale mail
rPois   +            (no helmet)
rElec   .            (no cloak)
rCorr   .            q - +0 pair of gloves
SInv    .            u - +0 pair of boots
Will    .....        p - amulet of reflection Stlth
                     g - ring of poison resistance
HPRegen 0.27/turn    (no ring)
MPRegen 0.09/turn

%: reflection
@: mighty
A: no striking features
a: no special abilities


You were on level 4 of the Dungeon.
You visited 1 branch of the dungeon, and saw 4 of its levels.

You collected 175 gold pieces.

Inventory:

Hand Weapons
 a - a +0 war axe (weapon)
Missiles
 j - 6 poisoned darts
 w - 3 boomerangs
Armour
 b - a +0 scale mail (worn)
 c - a +0 buckler (worn)
 q - a +0 pair of gloves (worn)
 u - a +0 pair of boots (worn)
Jewellery
 g - a ring of poison resistance (left hand)
 p - an amulet of reflection (around neck)
 r - a ring of wizardry
 t - a ring of resist corrosion
 v - a ring of positive energy
Scrolls
 e - a scroll of fog {unknown}
 f - a scroll of amnesia {unknown}
 m - 5 scrolls of identify
Potions
 h - 2 potions of curing
 i - a potion of mutation {unknown}
 k - 2 potions of heal wounds {unknown}
 l - a potion of cancellation {unknown}
 n - a potion of enlightenment {unknown}
 o - 2 potions of brilliance {unknown}
 s - a potion of lignification {unknown}
 x - a potion of degeneration {unknown}
 z - a potion of berserk rage {unknown}


   Skills:
 + Level 4.8 Fighting
 + Level 4.4 Axes
 + Level 4.4 Armour
 + Level 4.3 Shields


You had 4 spell levels left.
You didn't know any spells.
Your spell library was empty.

Dungeon Overview and Level Annotations

Branches:
Dungeon (4/15)
 Temple: D:4-7

Altars:

Annotations:
D:4 Pikel


Message History

The ball python bites you but does no damage.
You block the ball python's attack.
You barely miss Pikel.
Pikel is almost dead.
You closely miss the ball python. You slash the adder!
You kill the adder!
You hit the lemure.
The ball python bites you but does no damage.
You block the ball python's attack. You block the lemure's attack.
Pikel hits you with a +2 whip of flaming.
Pikel burns you.
The ball python bites you but does no damage.
The ball python barely misses you. The ball python closely misses you.
The ball python grabs you. The ball python constricts you.
Pikel hits you but does no damage. The lemure completely misses you.
You closely miss Pikel.
Pikel is almost dead.
You closely miss the lemure. You slash the ball python!
You kill the ball python!
You slash the ball python!
You kill the ball python!
You block the lemure's attack.
Pikel hits you with a +2 whip of flaming!
* * * LOW HITPOINT WARNING * * *
Pikel burns you.
* * * LOW HITPOINT WARNING * * *
You closely miss Pikel.
Pikel is almost dead.
You hit the lemure. You closely miss the quokka. You block the quokka's attack.
The lemure hits you but does no damage. Pikel hits you but does no damage.
The quokka bites you.
* * * LOW HITPOINT WARNING * * *
You barely miss Pikel.
Pikel is almost dead.
You slash the lemure!
You kill the lemure!
That felt strangely unrewarding.
You closely miss the quokka.
Pikel hits you with a +2 whip of flaming.
You die...
Pikel says, "Another soul for the market."

..# ............. .....
#.#.............
#....###.#.............
.....#................
#....................
#.).........# #.....
###.........$.##......
###.............#†.....#
.........###.#..@#
#.........####..rK?...#
..#.....#..##...g.......
.##..[..#...##..........
......#.................
..#..##.#.#.............
..### #.####............
..#####..# #..........##
.<##.#..##......


You could see Pikel, a quokka and a hobgoblin.

Vanquished Creatures
  3 lemures (D:4)
  Jessica (D:2)
  A gnoll (D:2)
  5 adders
  5 worms
  2 dart slugs
  An orc (D:2)
  9 bats
  10 endoplasms
  2 giant cockroaches
  6 goblins
  9 hobgoblins
  6 jackals
  6 kobolds
  3 quokkas
  7 ball pythons
  2 frilled lizards
  8 rats
86 creatures vanquished.

Notes
Turn   | Place    | Note
-------+----------+-------------------------------------------
     0 | D:1      | MisterAzrael the Hill Orc Fighter began the quest for the
                  | Orb.
     0 | D:1      | Reached XP level 1. HP: 19/19 MP: 1/1
    59 | D:1      | Reached XP level 2. HP: 21/27 MP: 2/2
   373 | D:1      | Reached XP level 3. HP: 32/33 MP: 3/3
   942 | D:2      | Noticed Jessica
   947 | D:2      | Killed Jessica
   948 | D:2      | Reached XP level 4. HP: 30/40 MP: 4/4
  1914 | D:3      | Reached XP level 5. HP: 43/47 MP: 5/5
  2523 | D:4      | Noticed a lemure
  2523 | D:4      | Noticed a lemure
  2524 | D:4      | Noticed Pikel
  2524 | D:4      | Noticed a lemure
  2525 | D:4      | Noticed a lemure
  2533 | D:4      | Killed a lemure
  2534 | D:4      | Killed a lemure
  2537 | D:4      | HP: 1/47 [quokka (4)]
  2538 | D:4      | Killed a lemure
  2538 | D:4      | Slain by Pikel

Illustrated notes

Levels and vault maps discovered:
D:1:      sevenhm_arrival_forest_fort_small_4, layout_loops_ring
D:2:      minmay_inner_zag, layout_basic, uniq_jessica
D:3:      layout_rooms, serial_corexii_hall, corexii_hall_statues_i,
          chequers_hall_statues_wall_a, minmay_quantized
D:4:      layout_cave_pools, serial_shops, shop, uniq_pikel

Skill      XL: |  1  2  3  4 |
---------------+-------------+-----
Axes           | 3 4 |  4.4
Fighting       | 4 |  4.8
Armour         | 4 |  4.4
Shields        | 4 |  4.3

Action                     |  1- 3 |  4- 6 || total
---------------------------+-------+-------++-------
  Melee: War axe           |    77 |   144 ||   221
    Use: Scroll            |       |     4 ||     4
         Potion            |       |     1 ||     1
 Armour: Scale mail        |    53 |    89 ||   142
  Dodge: Dodged            |    36 |    45 ||    81
  Block: Buckler           |    13 |    61 ||    74
         Reflection        |       |     3 ||     3

Table legend: (Time is in decaauts)
 A = Elapsed time spent in this place.
 B = Non-inter-level travel time spent in this place.
 C = Inter-level travel time spent in this place.
 D = Time resting spent in this place.
 E = Time spent auto-exploring this place.
 F = Levels seen in this place.
 G = Mean time per level.
                   A        B        C        D        E       F      G
               +--------+--------+--------+--------+--------+-----+--------+
         Total |   2625 |   2502 |    123 |      0 |   1931 |   4 |  656.2 |
       Dungeon |   2625 |   2502 |    123 |      0 |   1931 |   4 |  656.2 |
               +--------+--------+--------+--------+--------+-----+--------+

Top non-repeatable levels by time:
     D:2: 1056 daAuts
     D:1: 904 daAuts
     D:3: 597 daAuts
     D:4: 67 daAuts
